AoeStats
← Proverbial Monkey

Lombardia

508767275Analyzed
2v2 RM · 9d ago on Sep 24, 2026· 41m 32s· 4 players
Game mode
Random Map
Map size
Medium (4 player)
Population
200
Speed
Normal
Resources
Standard
Victory
Conquest
Starting age
Dark Age
Ending age
Imperial Age
RankedLock teamsTeams togetherTeam positionsShared explorationLock speedFull tech treeHidden civsTurbo modeCheats
Victory
Defeat
🇺🇸 Byzantines · United States
862
+15
🇺🇸 Varangians · United States
841
+15
🇲🇽 Danes · Mexico
841
-15
🇲🇽 Varangians · Mexico
823
-15
Party Nando
12:33 Feudal Age
11:37 Loom
13:49 Double-Bit Axe
13:48 Horse Collar
23:24 Castle Age
21:52 Gold Mining
23:25 Bloodlines
24:12 Forging
34:30 Imperial Age
35:08 Pikeman
36:27 Stone Mining
36:15 Cavalier
38:19 Pikeman
Proverbial Monkey
5:11 Loom
10:35 Feudal Age
12:17 Man-at-Arms
12:46 Arson
14:04 Horse Collar
19:43 Double-Bit Axe
23:01 Castle Age
23:16 Stone Mining
23:22 Gold Mining
23:38 Long Swordsman
26:36 Hamask
28:17 Bow Saw
31:22 Ballistics
36:04 Fletching
39:07 Scale Mail Armor
43:49 Imperial Age
chicken hatter
5:45 Loom
10:08 Feudal Age
10:34 Double-Bit Axe
10:32 Horse Collar
14:41 Bloodlines
20:41 Forging
20:31 Scale Mail Armor
22:39 Castle Age
21:39 Forging
21:30 Scale Mail Armor
24:58 Squires
26:08 Bow Saw
30:20 Chain Mail Armor
31:56 Husbandry
36:03 Iron Casting
35:35 Scale Barding Armor
35:54 Gold Mining
35:55 Stone Mining
Tonto
10:29 Feudal Age
10:01 Loom
11:03 Horse Collar
11:10 Double-Bit Axe
13:06 Wheelbarrow
12:18 Loom
14:57 Wheelbarrow
15:40 Padded Archer Armor
15:30 Fletching
23:07 Castle Age
24:01 Bow Saw
23:53 Heavy Plow
24:34 Squires
24:20 Arson
25:00 Scale Barding Armor
25:06 Forging
27:16 Hand Cart
27:33 Chain Barding Armor
27:53 Iron Casting
28:02 Pikeman
28:46 Squires
29:07 Scale Mail Armor
32:27 Imperial Age
31:45 Husbandry
35:50 Crop Rotation
37:26 Two-Man Saw
41:46 Logistica
Connection lost

Rejoining the realm…

Still unreachable

The connection could not be restored.

Session expired

The server has moved on; the page needs a fresh start.